 Dungeon Crawl Stone Soup version 0.28.0 (webtiles) character file.

Game seed: 5117882399238796484

193 RighteousDevil the Ruffian (level 5, 0/50 HPs)
             Began as a Troll Monk on Feb 13, 2022.
             Was a Priest of Nemelex Xobeh.
             Slain by an orange demon (9 damage)
             ... summoned by the player character
             ... on level 2 of the Dungeon.
             The game lasted 00:03:02 (1485 turns).

RighteousDevil the Ruffian (Troll Monk)             Turns: 1485, Time: 00:03:02

Health: 0/50       AC:  4    Str: 21    XL:     5   Next: 44%
Magic:  5/5        EV: 10    Int:  6    God:    Nemelex Xobeh [***...]
Gold:   68         SH:  0    Dex: 12    Spells: 4/4 levels left

rFire   . . .      SeeInvis .     - Unarmed
rCold   . . .      Faith    .   (no shield)
rNeg    . . .      Spirit   .   a - +0 robe
rPois   .          Reflect  .   (helmet restricted)
rElec   .          Harm     .   (no cloak)
rCorr   .          Rampage  .   (gloves unavailable)
Will    .....                   (boots unavailable)
Stlth   ++........              (no amulet)
HPRegen 0.96/turn               (no ring)
MPRegen 0.09/turn               (no ring)

@: no status effects
A: large, unfitting armour, claws 3, regeneration 1, shaggy fur 1, tough skin 1
a: Renounce Religion, Draw Escape, Draw Destruction, Draw Summoning, Triple Draw


You were on level 2 of the Dungeon.
You worshipped Nemelex Xobeh.
Nemelex Xobeh was most pleased with you.
You visited 1 branch of the dungeon, and saw 3 of its levels.

You collected 68 gold pieces.

Inventory:

Armour
 a - a +0 robe (worn)
Scrolls
 e - a scroll of teleportation
 g - 2 scrolls of torment
Potions
 c - a potion of heal wounds {unknown}
 f - a potion of attraction {unknown}


   Skills:
 - Level 2.4 Fighting
 - Level 2.4 Dodging
 - Level 1.0 Stealth
 * Level 5.6 Unarmed Combat
 + Level 2.1 Invocations


You had 4 spell levels left.
You didn't know any spells.
Your spell library contained the following spells:

 Spells                   Type           Power      Damage    Failure   Level
 Sting                    Tmut/Pois      0%         1d3       45%         1
 Fireball                 Conj/Fire      0%         3d3       100%        5
 Starburst                Conj/Fire      0%         6d3       100%        6
 Ignition                 Fire           0%         3d3       100%        8


Dungeon Overview and Level Annotations

Branches:
Dungeon (3/15)

Altars:
Nemelex Xobeh


Innate Abilities, Weirdness & Mutations

You are too large for most types of armour.
You have claws for hands.
Your natural rate of healing is unusually fast.
You are covered in fur. (AC +1)
You have tough skin. (AC +1)


Message History

The orc priest hits you with a +0 flail!
The sky beast hits you. The sky beast shocks you.
The orc hits you with a +0 hand axe. The bat misses you.
Unknown command.
You draw a card...
You have drawn the Cloud.
Clouds appear around you! The bat misses you.
The orc priest closely misses you. The sky beast barely misses you.
The orc closely misses you. The bat misses you.
The orc priest hits you with a +0 flail.
The sky beast flickers out of sight!
Deactivating autopickup; reactivate with Ctrl-A.
You see here a +0 club.
The bat barely misses you. The bat barely misses you.
The bat hits you but does no damage.
You draw a card...
You have drawn the Pentagram.
The bat hits you but does no damage. The bat hits you but does no damage.
Your hell hound closely misses the bat.
The orc priest casts a cantrip, but nothing happens.
Something barely misses your hell hound.
The bat misses you.
You claw the bat!
You kill the bat!
The orange demon stings you from afar!
* * * LOW HITPOINT WARNING * * *
Unknown command.
Unknown command.
The orc priest misses your hell hound.
You see here 21 stones.
You draw a card...
You have drawn the Dance.
Your hell hound bites the orange demon.
The orc priest barely misses your hell hound.
Your hell hound bites the orange demon!
The orc barely misses your hell hound. Something hits you.
* * * LOW HITPOINT WARNING * * *
Something shocks you.
* * * LOW HITPOINT WARNING * * *
The orange demon stings you from afar!
You die...
Your body glows with a rainbow of weird colours and disappears.

#.'..# #..#.....# #####.##.#
#.#..###..#####.# #.........
#.#.......##....# ###.####....
#.#.......##.#######...........
#.#########.....#..#...........
#.####.# #.#.....#.............
#..[.ยงยง#
#.####....#...........
######)###...).#...#.###.......
#.>).oh4.@.(..............
##..#..o##.....#.#...##....
#.......#####.##.#..##.....
#######..#.## #....#.........
#........#.# #....#.#...#.##
#.#####.##.# #....#.....#...
#..........#######.......#.###.
###..##.................<......
#...#....#######........<....


You could see an orange demon (summoned, ally target), an orc priest, an orc, a
friendly hell hound (summoned) and a friendly -2 quarterstaff (summoned).

Vanquished Creatures
  A scorpion (D:2)
  2 orc wizards (D:2)
  Jessica (D:2)
  An adder (D:2)
  A worm (D:2)
  A dart slug (D:1)
  4 orcs (D:2)
  4 endoplasms
  2 giant cockroaches
  A goblin (D:2)
  A hobgoblin (D:2)
  4 kobolds
  A quokka (D:1)
  6 ball pythons
  6 bats
  2 frilled lizards
  6 rats
44 creatures vanquished.

Notes
Turn   | Place    | Note
-------+----------+-------------------------------------------
     0 | D:1      | RighteousDevil the Troll Monk began the quest for the Orb.
     0 | D:1      | Reached XP level 1. HP: 22/22 MP: 0/0
   289 | D:1      | Reached XP level 2. HP: 28/29 MP: 1/1
   498 | D:1      | Found a faded altar of an unknown god.
   507 | D:1      | Got Plato's Guide on Poisoning
   508 | D:1      | Prayed at the altar of an unknown god.
   508 | D:1      | Became a worshipper of Nemelex Xobeh the Trickster
   508 | D:1      | Reached * piety under Nemelex Xobeh
   508 | D:1      | Received a gift from Nemelex Xobeh
   508 | D:1      | Reached ** piety under Nemelex Xobeh
   508 | D:1      | Received a gift from Nemelex Xobeh
   741 | D:1      | Reached skill level 4 in Unarmed Combat
   764 | D:2      | Noticed a scorpion
   770 | D:2      | Killed a scorpion
   771 | D:2      | Reached skill level 1 in Invocations
   771 | D:2      | Reached XP level 3. HP: 15/36 MP: 2/2
   771 | D:2      | Reached XP level 4. HP: 19/44 MP: 3/3
   829 | D:2      | Reached *** piety under Nemelex Xobeh
   851 | D:2      | Reached skill level 5 in Unarmed Combat
   860 | D:2      | Reached XP level 5. HP: 33/50 MP: 3/5
   874 | D:2      | Noticed Jessica
   896 | D:2      | Killed Jessica
   963 | D:2      | Received a gift from Nemelex Xobeh
  1461 | D:3      | Noticed a sky beast
  1480 | D:2      | Noticed an orange demon
  1485 | D:2      | Slain by an orange demon

Illustrated notes

Levels and vault maps discovered:
D:1:      dpeg_arrival_oval, layout_basic, shapermc_ecumenical_altar_rom_forum,
          roderic_lattice_a
D:2:      layout_basic, hangedman_feature_mirror, kennysheep_generic_room_11,
          uniq_jessica
D:3:      layout_rooms, mainiacjoe_overflow_small_starburst, marbit_many_paths,
          uniq_natasha, uniq_grinder

Skill      XL: |  1  2  3  4  5 |
---------------+----------------+-----
Unarmed Combat | 4 5 |  5.6
Invocations    | 1 2 |  2.1
Fighting       | |  2.4
Dodging        | |  2.4
Stealth        | |  1.0

Action                   |  1- 3 |  4- 6 || total
-------------------------+-------+-------++-------
Melee: Unarmed           |    38 |    63 ||   101
       Punch             |       |     3 ||     3
Invok: Draw Summoning    |       |     2 ||     2
       Draw Escape       |       |     1 ||     1
  Use: Scroll            |       |     6 ||     6
 Stab: Sleeping          |     3 |     2 ||     5
Armor: Robe              |    13 |    27 ||    40
Dodge: Dodged            |    11 |    31 ||    42
